 Dungeon Crawl Stone Soup version 0.17-a0-125-g34d91a1 (webtiles) character file.

4424 Ngotmuk the Carver (level 10, -1/101 HPs)
             Began as a Deep Dwarf Fighter on Mar 23, 2015.
             Was a Follower of Ru.
             Splashed by a brown ugly thing's acid (3 damage)
             ... on level 9 of the Dungeon.
             The game lasted 00:48:10 (8979 turns).

Ngotmuk the Carver (Deep Dwarf Fighter)             Turns: 8979, Time: 00:48:10

Health: -1/101     AC: -23   Str: 22    XL:     10   Next: 14%
Magic:  6/6        EV: 11    Int: 10    God:    Ru [*.....]
Gold:   611        SH: 12    Dex: 12    Spells: 0 memorised, 9 levels left

rFire  + . .     SeeInvis .     a - +1 long sword
rCold  . . .     Clarity  .     F - +3 leather armour
rNeg   . . .     SustAb   .     c - +1 shield
rPois  .         Gourm    .     H - +2 helmet
rElec  .         Spirit   .     u - +0 cloak
rCorr  .         Warding  .     (no gloves)
rMut   .         Stasis   .     (no boots)
MR     +....                    o - amulet of rage
Stlth  +.........               (no ring)
                                i - +3 ring of slaying

@: exhausted, corroded equipment, non-regenerating, slowed, very slow, somewhat
resistant to hostile enchantments, very unstealthy
A: damage resistance, recharge devices, hooves 1, fire resistance 1, sense
surroundings 2, robust 1, slow healing 3, hated by all, disrupted magic 1
a: Device Recharging, Renounce Religion, Evoke Berserk Rage


You were on level 9 of the Dungeon.
You worshipped Ru.
Ru was aware of your devotion.
You were hungry.

You visited 2 branches of the dungeon, and saw 10 of its levels.
You also visited: Sewer and Ossuary.

You collected 611 gold pieces.

Inventory:

Hand weapons
 a - a +1 long sword (weapon)
Armour
 c - a +1 shield (worn)
 u - a +0 cloak (worn)
 F - a +3 leather armour (worn)
 H - a +2 helmet (worn)
Jewellery
 i - a +3 ring of slaying (left hand)
 o - an amulet of rage (around neck)
Magical devices
 d - a wand of heal wounds (1)
Scrolls
 h - a scroll of enchant armour
 l - 4 scrolls of teleportation
 n - a scroll of identify
 t - 4 scrolls of remove curse
 y - 2 scrolls of magic mapping
Potions
 e - a potion of might
 m - a potion of beneficial mutation {unknown}
 p - 5 potions of flight
 q - a potion of heal wounds
 s - 4 potions of brilliance
 v - 3 potions of haste
 z - a potion of resistance
 A - 3 potions of curing
 B - 2 potions of restore abilities
 C - a potion of cure mutation {unknown}
 D - 2 potions of cancellation {unknown}
 E - 2 potions of invisibility
Books
 k - a book of Enchantments

   Spells                             Type                      Level
   a - Tukima's Dance                 Hexes                        3
   b - Cause Fear                     Hexes                        4
   c - Silence                        Hexes/Air                    5
   d - Deflect Missiles               Charms/Air                   6
   e - Haste                          Charms                       6
   f - Discord                        Hexes                        8
Comestibles
 b - 2 meat rations
 f - 9 bread rations
 g - 2 fruits
 j - 9 slices of pizza


   Skills:
 + Level 6.4 Fighting
 * Level 9.4 Long Blades
 + Level 7.6 Armour
 - Level 3.2 Dodging
 + Level 8.0 Shields


You had 9 spell levels left.
You didn't know any spells.

Dungeon Overview and Level Annotations

Branches:
Dungeon (9/15)             Temple (1/1) D:4
   Lair: D:8-11         Orc: D:9-12

Altars:
Cheibriados
Elyvilon
Fedhas
Kikubaaqudgha
Makhleb
Nemelex Xobeh
Okawaru
Ru
Sif Muna
Trog
Vehumet
Xom
Yredelemnul
Zin
The Shining One

Shops:
D:6 *

Annotations:
D:3 Ngotmuk's ghost, average DDFi


Innate Abilities, Weirdness & Mutations

You are resistant to damage.
You can recharge devices by infusing magical energy.
You passively map the area around you.
You do not heal naturally.
You are hated by all.
Your casting is slightly disrupted.
You have large cloven feet.
Your flesh is heat resistant.
You are robust (+10% HP).


Message History

You kick the brown ugly thing, but do no damage.
The brown ugly thing is severely wounded.
The brown ugly thing claws you!
You are splashed with acid!
The acid corrodes your equipment!
The acid burns!
The brown ugly thing claws you.
You are splashed with acid!
The acid corrodes your equipment!
The acid burns!
You hit the brown ugly thing but do no damage.
You kick the brown ugly thing, but do no damage.
The brown ugly thing is severely wounded.
The brown ugly thing claws you!
* * * LOW HITPOINT WARNING * * *
You are splashed with acid!
The acid corrodes your equipment!
The acid burns!
* * * LOW HITPOINT WARNING * * *
The brown ugly thing claws you!
* * * LOW HITPOINT WARNING * * *
You are splashed with acid!
The acid corrodes your equipment!
The acid burns!
The brown ugly thing claws you!
* * * LOW HITPOINT WARNING * * *
You are splashed with acid!
The acid burns!
You die...

### #.#
#.###################.#
......................###
...............u@.......#
#####..##...#########.#.#
#..##.### #.....#.# *
#..##.. *, #.....#.#
#..##[##* +.....#.# ####
#......,,*, #.....#.#
#... , .......
.##.....#.######... *
#..#...
...........(........
**..#..##
,.#..##..#.†........


You could see a brown ugly thing.

Vanquished Creatures
  A human (D:8)
  2 yaks (D:8)
  A wraith (D:9)
  A hippogriff (D:6)
  4 fire bats (D:8)
  A hell hound (D:8)
  An orc warrior (D:9)
  2 ice beasts
  3 centaurs
  An eye of draining (D:8)
  A wasp (D:9)
  An ogre (D:5)
  A black bear (D:7)
  2 big kobolds
  An elf zombie (Ossuary)
  5 giant frogs
  A wyvern skeleton (D:9)
  4 wights (D:8)
  5 killer bees (D:7)
  A crimson imp (D:7)
  5 orc priests
  A gnoll shaman (D:8)
  2 human zombies (Ossuary)
  4 hounds
  5 orc wizards
  A giant frog skeleton (D:6)
  Natasha (thrice) (D:5)
  2 sheep (D:8)
  2 worker ants
  A big kobold zombie (Ossuary)
  Jessica (D:6)
  2 hound zombies (Ossuary)
  5 mummies
  A worker ant zombie (D:6)
  5 gnolls (D:8)
  A river rat (Sewer)
  A shadow imp (D:6)
  11 adders
  4 giant mites
  4 worms
  4 giant geckos
  41 orcs
  A ball python (D:8)
  7 giant cockroaches
  2 gnoll zombies (Ossuary)
  16 goblins
  8 hobgoblins
  10 jackals
  3 quokkas
  18 bats
  A giant gecko skeleton (D:9)
  4 giant newts
  2 hobgoblin zombies (Ossuary)
  A jackal skeleton (D:4)
  14 kobolds
  2 kobold zombies (Ossuary)
  24 rats
258 creatures vanquished.

Notes
Turn   | Place    | Note
--------------------------------------------------------------
     0 | D:1      | Ngotmuk, the Deep Dwarf Fighter, began the quest for the Orb.
     0 | D:1      | Reached XP level 1. HP: 20/20 MP: 1/1
    20 | D:1      | Reached XP level 2. HP: 25/27 MP: 2/2
   360 | D:1      | Reached XP level 3. HP: 28/33 MP: 3/3
   658 | D:2      | Reached skill level 4 in Shields
   872 | D:2      | Reached XP level 4. HP: 30/42 MP: 4/4
  1489 | D:3      | Noticed Jessica
  1729 | D:3      | Reached skill level 1 in Dodging
  1745 | D:3      | Reached XP level 5. HP: 9/49 MP: 5/5
  1807 | D:3      | Noticed Ngotmuk's ghost (average DDFi)
  2074 | D:4      | Found a staircase to the Ecumenical Temple.
  2085 | Temple   | Entered the Ecumenical Temple
  2116 | Temple   | Became a worshipper of Ru the Awakened
  2142 | D:4      | Found a glowing drain.
  2158 | Sewer    | Entered a sewer
  2281 | Sewer    | Found a white marble altar of Elyvilon.
  2445 | D:4      | Reached XP level 6. HP: 28/56 MP: 6/6
  2935 | D:4      | HP: 1/56 [orc priest/divine providence (13)]
  4151 | D:5      | Entered Level 5 of the Dungeon
  4168 | D:5      | Reached skill level 5 in Shields
  4168 | D:5      | Reached XP level 7. HP: 14/63 MP: 7/7
  4226 | D:5      | Noticed Natasha
  4234 | D:5      | Killed Natasha
  4244 | D:5      | Found a blossoming altar of Fedhas.
  4256 | D:5      | Reached skill level 5 in Long Blades
  4317 | D:5      | Found a sand-covered staircase.
  4321 | Ossuary  | Entered an ossuary
  4506 | Ossuary  | Reached skill level 5 in Armour
  4644 | D:5      | Found a shimmering altar of Xom.
  4665 | D:5      | Noticed Natasha
  4670 | D:5      | Killed Natasha
  4919 | D:5      | Noticed Natasha
  4928 | D:5      | Killed Natasha
  4991 | D:5      | Reached XP level 8. HP: 60/73 MP: 8/8
  5089 | D:6      | Reached skill level 6 in Long Blades
  5146 | D:6      | HP: 1/73 [hippogriff (3)]
  5250 | D:6      | Found Maolemebu's Assorted Antiques.
  5459 | D:6      | Killed Jessica
  5911 | D:7      | Gained mutation: Your casting is slightly disrupted. [Ru sacrifice]
  5917 | D:7      | Reached skill level 5 in Fighting
  5928 | D:7      | Reached skill level 7 in Long Blades
  7449 | D:7      | Gained mutation: You passively map the area around you. [level up]
  7449 | D:7      | Reached XP level 9. HP: 54/81 MP: 8/8
  7734 | D:8      | Reached skill level 8 in Long Blades
  8114 | D:8      | Reached skill level 9 in Long Blades
  8277 | D:8      | Gained mutation: You are hated by all. [Ru sacrifice]
  8277 | D:8      | Acquired Ru's first power
  8417 | D:8      | Reached XP level 10. HP: 35/92 MP: 7/7
  8554 | D:9      | Found a blossoming altar of Fedhas.
  8554 | D:9      | Found a glowing golden altar of the Shining One.
  8556 | D:9      | Found a bloodstained altar of Trog.
  8556 | D:9      | Found a burning altar of Makhleb.
  8557 | D:9      | Found a basalt altar of Yredelemnul.
  8578 | D:9      | Gained mutation: You have large cloven feet. [potion of mutation]
  8578 | D:9      | Gained mutation: You are robust (+10% HP). [potion of mutation]
  8578 | D:9      | Gained mutation: Your flesh is heat resistant. [potion of mutation]
  8942 | D:9      | Noticed a brown ugly thing
  8966 | D:9      | HP: 7/151 [brown ugly thing (16)]
  8979 | D:9      | HP: 2/101 [brown ugly thing (14)]
  8979 | D:9      | Splashed by a brown ugly thing's acid

Action                   |  1- 3 |  4- 6 |  7- 9 | 10-12 || total
-------------------------+-------+-------+-------+-------++-------
Melee: Long sword        |   112 |   285 |   544 |    79 ||  1020
Invok: Reject Sacrifices |       |       |     1 |       ||     1
       Sacrifice Essence |       |       |     1 |       ||     1
       Sacrifice Love    |       |       |     1 |       ||     1
 Abil: Device Recharging |       |       |     3 |     1 ||     4
       Evoke Berserk Rag |       |       |     1 |     1 ||     2
Evoke: Wand              |       |     6 |    12 |     4 ||    22
  Use: Scroll            |       |     5 |    11 |     7 ||    23
       Potion            |       |       |     3 |     3 ||     6
 Stab: Sleeping          |       |       |     1 |       ||     1
  Eat: Fruit             |       |     9 |     1 |       ||    10
       Meat ration       |       |     1 |     2 |       ||     3
       Royal jelly       |       |     1 |       |       ||     1
       Beef jerky        |       |       |     1 |     1 ||     2
